 Dungeon Crawl Stone Soup version 0.23.2 (webtiles) character file.

Game seed: 15618584273005942158

8001 lysyklops the Carver (level 11, -3/100 HPs)
             Began as a Minotaur Fighter on Apr 5, 2019.
             Was a Follower of the Shining One.
             Slain by a fire dragon (13 damage)
             ... on level 9 of the Dungeon.
             The game lasted 00:19:46 (9157 turns).

lysyklops the Carver (Minotaur Fighter)             Turns: 9157, Time: 00:19:47

Health: -3/100     AC: 19    Str: 30    XL:     11   Next: 4%
Magic:  0/10       EV: 11    Int:  5    God:    the Shining One [*.....]
Gold:   357        SH:  6    Dex: 12    Spells: 10/10 levels left

rFire    + . .     SeeInvis .   B - +0 falchion
rCold    . . .     Gourm    .   k - +0 buckler
rNeg     + . .     Faith    .   G - +2 scale mail {rF+}
rPois    .         Spirit   +   (helmet restricted)
rElec    .         Reflect  .   a - +2 cloak
rCorr    +         Harm     .   p - +2 pair of gloves {Dex+3}
MR       .....                  n - +0 pair of boots
Stlth    ..........             y - amulet of guardian spirit
HPRegen  0.26/turn              t - ring of positive energy
MPRegen  0.12/turn              s - ring of resist corrosion

@: mighty, glowing
A: retaliatory headbutt, horns 2
a: Renounce Religion


You were on level 9 of the Dungeon.
You worshipped the Shining One.
The Shining One was aware of your devotion.
You were not hungry.

You visited 2 branches of the dungeon, and saw 10 of its levels.

You collected 476 gold pieces.
You spent 119 gold pieces at shops.

Inventory:

Hand Weapons
 B - a +0 falchion (weapon)
Armour
 a - a +2 cloak (worn)
 c - a +0 shield
 k - a +0 buckler (worn)
 n - a +0 pair of boots (worn)
 p - a +2 pair of gloves of dexterity (worn)
 G - a +2 scale mail of fire resistance (worn)
Jewellery
 j - an uncursed ring of ice {unknown}
 s - a ring of resist corrosion (right hand)
 t - a ring of positive energy (left hand)
 w - a +1 ring of evasion
 y - an amulet of guardian spirit (around neck)
 K - an uncursed ring of protection from cold {unknown}
 L - an uncursed ring of protection from fire {unknown}
 O - a cursed ring of teleportation {unknown}
Wands
 z - a wand of polymorph (7)
 D - a wand of random effects (24)
 H - a wand of paralysis (4)
 N - a wand of disintegration (10)
Scrolls
 b - 8 scrolls of identify
 g - 3 scrolls of fog {unknown}
 i - 7 scrolls of remove curse
 m - a scroll of random uselessness {unknown}
 r - 3 scrolls of blinking {unknown}
 v - 3 scrolls of teleportation {unknown}
 x - 5 scrolls of magic mapping
 A - a scroll of amnesia {unknown}
 C - a scroll of immolation {unknown}
 F - a scroll of vulnerability {unknown}
 J - a scroll of enchant weapon {unknown}
Potions
 d - a potion of might
 e - a potion of haste
 h - a potion of lignification
 l - a potion of mutation
 o - 4 potions of curing
 q - 2 potions of agility
 E - 4 potions of heal wounds {unknown}
 I - 2 potions of brilliance {unknown}
 M - a potion of flight {unknown}
Comestibles
 f - 26 rations


   Skills:
 + Level 10.2 Fighting
 + Level 10.7 Long Blades
 + Level 10.6 Armour
 - Level 2.6 Dodging
 - Level 0.4 Stealth
 + Level 10.7 Shields


You had 10 spell levels left.
You didn't know any spells.
Your spell library contained the following spells:

 Spells                   Type           Power        Failure   Level  Hunger
 Corona                   Hex            #......      67%         1    ##.....
 Magic Dart               Conj           #...         67%         1    ##.....
 Blink                    Tloc           N/A          82%         2    ###....
 Call Imp                 Summ           #.......     82%         2    ###....
 Ensorcelled Hibernation  Hex/Ice        #.....       82%         2    ###....
 Slow                     Hex            #.......     82%         2    ###....
 Confuse                  Hex            #.......     96%         3    ####...
 Conjure Flame            Conj/Fire      #.......     96%         3    ####...
 Dazzling Spray           Conj/Hex       #.....       96%         3    ####...
 Mephitic Cloud           Conj/Pois/Air  #.......     96%         3    ####...
 Tukima's Dance           Hex            #.......     96%         3    ####...


Dungeon Overview and Level Annotations

Branches:
Dungeon (9/15)             Temple (1/1) D:7
   Lair: D:8-11         Orc: D:9-12

Altars:
Ashenzari
Cheibriados
Dithmenos
Elyvilon
Fedhas
Gozag
Hepliaklqana
Kikubaaqudgha
Makhleb
Nemelex Xobeh
Okawaru
Qazlal
Ru
Sif Muna
Trog
Uskayaw
Vehumet
Wu Jian
Xom
Yredelemnul
Zin
The Shining One

Shops:
D:5 [%(?*


Innate Abilities, Weirdness & Mutations

You reflexively headbutt those who attack you in melee.
You have a pair of horns on your head.


Message History

A soldier ant comes into view.
Okay, then.
Okay, then.
Okay, then.
You feel very mighty all of a sudden.
You hit the fire dragon. You headbutt the fire dragon.
The fire dragon is heavily wounded.
You barely miss the fire dragon. You headbutt the fire dragon!
The fire dragon is heavily wounded.
The fire dragon barely misses you. You furiously retaliate!
You headbutt the fire dragon, but do no damage.
You riposte.
You slash the fire dragon! Your headbutt misses the fire dragon.
The fire dragon is severely wounded.
The fire dragon misses you.
The fire dragon tramples you but does no damage.
You hit the fire dragon but do no damage.
You headbutt the fire dragon!
The fire dragon is almost dead.
The fire dragon bites you!
You die...

##.##......# . ##..........#
#. ##.#####.....# ##.##
#.....# ##..# #.....# #...#
####.....###### #...##.#
#.[...........# #...
#<###.#######.###.#
#...####..a.KD@........##
#...# ##..###########[..##
#...# #..#..#....#..#....#
#..# #..#.(#..##...##.#.#
####..###..##....##....#...#
.....>......#....(((...##..#
...#.##.##.##D#...()...#..#
###.#.##.##..#...#......##.##
......##.###.##..#..(....#..#


You could see a fire dragon, a kobold demonologist and a soldier ant.

Vanquished Creatures
  Harold (D:8)
  A hydra (D:8)
  A tengu warrior (D:9)
  A hornet (D:7)
  A shadow (D:9)
  A basilisk (D:9)
  4 hogs (D:8)
  A human (D:8)
  3 ice beasts
  4 sky beasts
  A black bear (D:9)
  3 orc warriors
  A phantom (D:5)
  2 ogres
  4 centaurs
  A big kobold (D:9)
  8 bullfrogs
  3 gnoll sergeants
  4 scorpions
  A water moccasin skeleton (D:9)
  10 killer bees
  A bullfrog zombie (D:9)
  8 crimson imps
  7 hounds
  A bullfrog skeleton (D:6)
  10 orc priests
  2 centaur skeletons
  An iguana (D:9)
  5 worker ants
  7 orc wizards
  A hound zombie (D:9)
  A hound skeleton (D:4)
  2 howler monkey skeletons
  17 gnolls
  7 river rats (D:5)
  13 adders
  2 shadow imps
  An adder skeleton (D:9)
  4 worms
  2 dart slugs
  7 leopard geckos
  33 orcs
  A ball python (D:2)
  8 giant cockroaches
  4 goblins
  5 hobgoblins
  14 jackals
  9 quokkas
  10 bats
  3 frilled lizards
  A jackal zombie (D:5)
  14 kobolds
  A quokka zombie (D:5)
  22 rats
280 creatures vanquished.

Vanquished Creatures (others)
  An orc wizard (D:3)
1 creature vanquished.

Grand Total: 281 creatures vanquished

Notes
Turn   | Place    | Note
-------+----------+-------------------------------------------
     0 | D:1      | lysyklops the Minotaur Fighter began the quest for the Orb.
     0 | D:1      | Reached XP level 1. HP: 19/19 MP: 0/0
   305 | D:1      | Reached XP level 2. HP: 27/27 MP: 1/1
   633 | D:2      | Reached XP level 3. HP: 29/33 MP: 2/2
  1007 | D:2      | Reached XP level 4. HP: 38/40 MP: 3/3
  1293 | D:3      | Reached skill level 1 in Dodging
  1293 | D:3      | Reached skill level 5 in Shields
  1293 | D:3      | Reached XP level 5. HP: 11/47 MP: 4/4
  2302 | D:4      | Reached XP level 6. HP: 53/53 MP: 5/5
  2561 | D:4      | Reached skill level 5 in Armour
  3010 | D:5      | Entered Level 5 of the Dungeon
  3010 | D:5      | Noticed an ice beast
  3034 | D:5      | Killed an ice beast
  3034 | D:5      | Reached skill level 5 in Long Blades
  3112 | D:5      | Found Ivit's Magic Scroll Boutique.
  3112 | D:5      | Found Rizubeju's Weapon Shop.
  3113 | D:5      | Noticed an ice beast
  3122 | D:5      | Killed an ice beast
  3122 | D:5      | Reached XP level 7. HP: 14/60 MP: 6/6
  3365 | D:5      | Bought a scroll of magic mapping for 49 gold pieces
  3365 | D:5      | Bought a scroll of identify for 28 gold pieces
  3365 | D:5      | Bought a scroll of remove curse for 42 gold pieces
  3390 | D:5      | Found Ofaekh's Food Boutique.
  3406 | D:5      | Reached skill level 5 in Fighting
  3418 | D:5      | Found Pait's Armour Emporium.
  3834 | D:5      | Found Uruyriwkoi's General Store.
  4068 | D:6      | Reached XP level 8. HP: 69/69 MP: 7/7
  5294 | D:6      | Reached XP level 9. HP: 79/79 MP: 8/8
  5470 | D:7      | Paralysed by a hornet for 3 turns
  6067 | D:7      | Found a staircase to the Ecumenical Temple.
  6078 | Temple   | Entered the Ecumenical Temple
  6182 | Temple   | Became a worshipper of the Shining One
  7273 | D:8      | Reached XP level 10. HP: 90/90 MP: 9/9
  7372 | D:8      | Noticed Harold
  7389 | D:8      | Killed Harold
  7896 | D:9      | Reached skill level 10 in Long Blades
  7922 | D:9      | Reached * piety under the Shining One
  8031 | D:9      | Found a sparkling altar of Nemelex Xobeh.
  8075 | D:9      | Reached skill level 10 in Shields
  8080 | D:9      | Reached skill level 10 in Armour
  8150 | D:9      | Noticed a tengu warrior
  8175 | D:9      | Killed a tengu warrior
  8211 | D:9      | Reached skill level 10 in Fighting
  8277 | D:9      | Noticed an eight-headed hydra
  8559 | D:8      | Killed an 11-headed hydra
  8948 | D:9      | Reached XP level 11. HP: 100/100 MP: 10/10
  9118 | D:9      | Noticed a fire dragon
  9157 | D:9      | Slain by a fire dragon

Skill      XL: |  1  2  3  4  5  6  7  8  9 10 |
---------------+-------------------------------+-----
Fighting       | 4 5 7 8 10 | 10.2
Shields        | 4 5 6 7 9 10 | 10.7
Armour         | 4 5 6 7 9 10 | 10.6
Long Blades    | 3 4 5 6 7 9 10 | 10.7
Dodging        | 1 2 |  2.6
Stealth        | |  0.4

Action                   |  1- 3 |  4- 6 |  7- 9 | 10-12 || total
-------------------------+-------+-------+-------+-------++-------
Melee: Long sword        |    73 |   129 |       |       ||   202
       Headbutt          |    10 |    27 |    84 |    65 ||   186
       Falchion          |       |    25 |   456 |   212 ||   693
Evoke: Wand              |       |       |       |     1 ||     1
  Use: Scroll            |       |       |     7 |       ||     7
       Potion            |       |       |     2 |     3 ||     5
  Eat: Chunk             |       |     7 |    14 |     3 ||    24
       Ration            |       |       |       |     1 ||     1
Armor: Scale mail        |    35 |    40 |   165 |   118 ||   358
Dodge: Dodged            |    23 |    65 |   249 |   107 ||   444
Block: Shield            |    41 |    85 |    23 |       ||   149
       Buckler           |       |       |   107 |    69 ||   176
       Rpst.: Long sword |     3 |    15 |       |       ||    18
       Falchion          |       |     6 |    65 |    17 ||    88
